 Dungeon Crawl Stone Soup version 0.25-a0-843-g6944ee31a2 (webtiles) character file.

Game seed: 3697590608965375538, levelgen mode: deterministic

2797 tilp the Skirmisher (level 10, -1/60 HPs)
             Began as a Kobold Arcane Marksman on Apr 25, 2020.
             Was a Follower of Okawaru.
             Killed by nerve-wracking pain
             ... invoked by a shadow imp
              (14 damage)
             ... on level 7 of the Dungeon.
             The game lasted 00:25:53 (10939 turns).

tilp the Skirmisher (Kobold Arcane Marksman)       Turns: 10939, Time: 00:25:53

Health: -1/60      AC: 13    Str: 10    XL:     10   Next: 2%
Magic:  14/14      EV: 18    Int: 20    God:    Okawaru [*.....]
Gold:   360        SH:  6    Dex: 18    Spells: 3/13 levels left

rFire    . . .     SeeInvis .   b - +0 war axe (flame)
rCold    . . .     Gourm    .   E - +0 buckler
rNeg     . . .     Faith    .   L - +3 leather armour "Fuofy" {rElec Dex+3}
rPois    .         Spirit   .   l - +0 helmet
rElec    +         Reflect  .   e - +2 cloak
rCorr    .         Harm     .   (no gloves)
MR       .....                  (no boots)
Stlth    +++.......             (no amulet)
HPRegen  0.20/turn              j - +4 ring of intelligence
MPRegen  0.14/turn              t - +3 ring of protection

@: no status effects
A: small, carnivore
a: Heroism, Renounce Religion


You were on level 7 of the Dungeon.
You worshipped Okawaru.
Okawaru was aware of your devotion.
You were full.

You visited 2 branches of the dungeon, and saw 8 of its levels.

You collected 360 gold pieces.

Inventory:

Hand Weapons
 a - a +0 hand crossbow
 b - a +0 war axe of flaming (weapon)
Missiles
 n - 18 boomerangs
 q - a throwing net
 u - a poisoned dart (quivered)
 C - 16 bolts
Armour
 e - a +2 cloak (worn)
 l - a +0 helmet (worn)
 A - a scarf of cloud immunity
 E - a +0 buckler (worn)
 L - the +3 leather armour "Fuofy" (worn) {rElec Dex+3}
   (You found it on level 6 of the Dungeon)

   It affects your dexterity (+3).
   It insulates you from electricity.
Jewellery
 d - the ring of Dithmenos's Hope {rC+ MP+9 Str+2 Slay+2, unknown}
   (You found it on level 6 of the Dungeon)

   [ring of magical power]

   It affects your strength (+2).
   It affects your accuracy and damage with ranged weapons and melee attacks
   (+2).
   It protects you from cold.
   It affects your magic capacity (+9).
 i - an uncursed ring of protection from cold
 j - a +4 ring of intelligence (left hand)
 p - an uncursed amulet of faith {unknown}
 t - a +3 ring of protection (right hand)
 M - a +3 amulet of reflection {unknown}
Wands
 y - a wand of random effects (18)
Scrolls
 m - 2 scrolls of fog
 r - a scroll of amnesia {unknown}
 s - a scroll of noise {unknown}
 v - 2 scrolls of teleportation
 D - 2 scrolls of fear
 G - a scroll of vulnerability
 I - a scroll of blinking {unknown}
 K - a scroll of remove curse
Potions
 f - a potion of might {unknown}
 g - 3 potions of stabbing
 h - a potion of resistance
 k - 2 potions of cancellation
 o - 2 potions of lignification
 z - a potion of mutation {unknown}
 B - a potion of invisibility {unknown}
 F - a potion of brilliance {unknown}
 H - a potion of curing {unknown}
 J - a potion of flight {unknown}
Comestibles
 c - 12 rations


   Skills:
 + Level 6.1 Fighting
 - Level 6.0 Crossbows
 - Level 6.0 Dodging
 - Level 4.0 Stealth
 - Level 4.0 Shields
 - Level 2.0 Spellcasting
 - Level 6.0 Hexes
 - Level 6.0 Invocations


You had 3 spell levels left.
You knew the following spells:

 Your Spells              Type           Power        Failure   Level  Hunger
a - Corona                Hex            ####...      1%          1    #......
b - Slow                  Hex            ####....     3%          2    ##.....
c - Portal Projectile     Hex/Tloc       ##....       22%         3    ###....
d - Cause Fear            Hex            ####......   21%         4    #####..

Your spell library contained the following spells:

 Spells                   Type           Power        Failure   Level  Hunger
 Inner Flame              Hex/Fire       ##......     22%         3    ###....
 Leda's Liquefaction      Hex/Erth       ##........   56%         4    #####..


Dungeon Overview and Level Annotations

Branches:
Dungeon (7/15)             Temple (1/1) D:6

Altars:
Ashenzari
Cheibriados
Dithmenos
Elyvilon
Fedhas
Gozag
Hepliaklqana
Kikubaaqudgha
Makhleb
Okawaru
Qazlal
Ru
Sif Muna
Trog
Uskayaw
Vehumet
Wu Jian
Xom
Yredelemnul
Zin

Annotations:
D:2 Sigmund
D:5 1 runed translucent door, exclusion: wyvern, Crazy Yiuf
D:6 exclusion: slave
D:7 1 runed translucent door, Maggie


Innate Abilities, Weirdness & Mutations

You are small and have problems with some larger weapons.
You are carnivorous and can eat meat at any time.


Message History

Okawaru accepts your kill.
Your life force feels restored.
Training target 6.0 for Invocations reached!
Your Invocations skill increases to level 6!
You need to enable at least one skill for training.
You have reached level 10!
You feel clever.
You closely miss the shadow imp. You block the shadow imp's attack.
The shadow imp misses you.
You closely miss the shadow imp.
The shadow imp is almost dead.
The shadow imp misses you.
You closely miss the shadow imp.
The shadow imp is almost dead.
The shadow imp barely misses you. x2
You barely miss the shadow imp.
The shadow imp is almost dead.
The shadow imp gestures at you. Pain shoots through your body!
You die...

####### #..........
##.....## #..........
#..#.#).# #..........
#.......# ####..........
#..#.#..###.............
#............#.#........
#.......................
#####........#.#........
###@................ ##
#)5............... ..
#......#.......... #♣..
#..#.#.'....>..... #...
#......###.######. ♣..
#..#.#.# #....# #.
#'####......# ####.# #.
##+##...........######.###.
....5...†..................


You could see a shadow imp.

Vanquished Creatures
  2 hippogriffs
  2 orc warriors
  2 sky beasts
  An ice beast (D:5)
  An eye of draining (D:6)
  4 ogres
  A big kobold (D:4)
  2 bullfrogs (D:7)
  2 scorpions
  A water moccasin skeleton (D:6)
  3 killer bees (D:7)
  3 wights (D:7)
  2 howler monkeys
  5 orc priests
  4 hounds
  2 jellies
  A centaur skeleton (D:5)
  An iguana (D:7)
  Natasha (thrice) (D:2)
  3 orc wizards
  5 worker ants
  A hound skeleton (D:6)
  10 adders
  3 gnolls (D:6)
  2 shadow imps (D:5)
  An adder skeleton (D:5)
  4 worms
  2 dart slugs
  3 leopard geckos
  13 orcs
  A giant cockroach (D:4)
  5 goblins
  10 hobgoblins
  6 jackals (D:2)
  11 kobolds
  2 quokkas
  2 ball pythons (D:4)
  7 bats
  6 frilled lizards
  A jackal skeleton (D:7)
  A jackal zombie (D:7)
  11 rats
152 creatures vanquished.

Notes
Turn   | Place    | Note
-------+----------+-------------------------------------------
     0 | D:1      | tilp the Kobold Arcane Marksman began the quest for the
                  | Orb.
     0 | D:1      | Reached XP level 1. HP: 12/12 MP: 2/2
   219 | D:1      | Reached XP level 2. HP: 16/16 MP: 0/3
   643 | D:1      | Learned a level 2 spell: Slow
  1009 | D:2      | Reached XP level 3. HP: 20/20 MP: 2/4
  1513 | D:2      | Noticed Sigmund
  1913 | D:2      | Reached XP level 4. HP: 21/25 MP: 2/5
  2044 | D:2      | Reached skill level 5 in Crossbows
  2310 | D:2      | Noticed Natasha
  2318 | D:2      | Killed Natasha
  2587 | D:2      | Reached XP level 5. HP: 27/29 MP: 2/6
  2807 | D:2      | Noticed Natasha
  2815 | D:2      | Killed Natasha
  3176 | D:2      | Noticed Natasha
  3180 | D:2      | Killed Natasha
  3506 | D:3      | Reached XP level 6. HP: 37/37 MP: 5/7
  3557 | D:3      | Found a bloodstained altar of Trog.
  4089 | D:4      | Noticed an ogre
  4105 | D:4      | Noticed an ogre
  4383 | D:4      | Found a shadowy altar of Dithmenos.
  4419 | D:4      | Reached XP level 7. HP: 29/43 MP: 7/10
  4707 | D:4      | Learned a level 4 spell: Cause Fear
  4711 | D:4      | Learned a level 3 spell: Portal Projectile
  5067 | D:5      | Entered Level 5 of the Dungeon
  5098 | D:5      | Reached skill level 5 in Hexes
  5271 | D:5      | Found a runed translucent door.
  5272 | D:5      | Noticed Crazy Yiuf
  5451 | D:5      | Reached skill level 1 in Stealth
  5451 | D:5      | Reached XP level 8. HP: 35/48 MP: 11/11
  5788 | D:5      | Noticed a wyvern
  6297 | D:5      | Reached skill level 5 in Fighting
  6800 | D:6      | Found a white marble altar of Elyvilon.
  6802 | D:6      | Found a shimmering altar of Xom.
  6912 | D:6      | Found a glowing silver altar of Zin.
  6919 | D:6      | Reached skill level 1 in Shields
  7043 | D:6      | Noticed a hippogriff
  7092 | D:6      | Got a smoking leather armour
  7119 | D:5      | Identified the +3 leather armour "Fuofy" {rElec Dex+3} (You
                  | found it on level 6 of the Dungeon)
  7186 | D:6      | Got a translucent ivory ring
  7197 | D:6      | Found a blossoming altar of Fedhas.
  7198 | D:6      | Found an ornate altar of the Wu Jian Council.
  7200 | D:6      | Found a shattered altar of Ashenzari.
  7203 | D:6      | Found a stormy altar of Qazlal.
  7249 | D:6      | Found a radiant altar of Vehumet.
  7582 | D:6      | Reached skill level 5 in Dodging
  7582 | D:6      | Reached XP level 9. HP: 37/55 MP: 10/12
  7816 | D:6      | Found a staircase to the Ecumenical Temple.
  7836 | D:6      | Killed a hippogriff
  8014 | Temple   | Entered the Ecumenical Temple
  8078 | Temple   | Became a worshipper of Warmaster Okawaru
  8944 | D:7      | Reached skill level 1 in Invocations
  9060 | D:7      | Noticed Maggie
  9071 | D:7      | Found a runed translucent gate.
  9271 | D:7      | Noticed a hippogriff
  9280 | D:7      | Killed a hippogriff
  9417 | D:7      | Reached * piety under Okawaru
 10612 | D:7      | Reached skill level 5 in Invocations
 10936 | D:7      | Reached XP level 10. HP: 12/60 MP: 14/14
 10939 | D:7      | Killed from afar by a shadow imp

Levels and vault maps discovered:
D:1:      psy_arrival_basics, layout_rooms,
          wander_ebering_terrifying_dragon_lair
D:2:      layout_loops_ring, uniq_natasha, uniq_sigmund
D:3:      layout_loops_cross, old_standard_altar
D:4:      layout_basic, nicolae_dithmenos_the_darkroom
D:5:      layout_rooms, first_ration, st_stairs_14, guppyfry_early_orc_mine,
          uniq_crazy_yiuf_cottage
D:6:      layout_layer_cave, lemuel_crystal_altar, grunt_temple_overflow_open,
          minmay_temple_entry_steel_oval, uniq_pikel
D:7:      layout_basic, tso_altar, gammafunk_ghost_necromancy, serial_glass,
          glass_columns_a, glass_columns_a, glass_columns_a, glass_columns_a,
          glass_columns_b, glass_columns_c, glass_columns_a, glass_columns_a,
          uniq_maggie
Temple:   eino_wide_crystal_templ

Skill      XL: |  1  2  3  4  5  6  7  8  9 |
---------------+----------------------------+-----
Crossbows      | 3 4 5 6 |  6.0
Fighting       | 3 4 5 6 |  6.1
Spellcasting   | 2 |  2.0
Hexes          | 6 |  6.0
Stealth        | 1 4 |  4.0
Dodging        | 5 6 |  6.0
Shields        | 2 4 |  4.0
Invocations    | 6 |  6.0

Action                   |  1- 3 |  4- 6 |  7- 9 | 10-12 || total
-------------------------+-------+-------+-------+-------++-------
Melee: Dagger            |    88 |    61 |       |       ||   149
       Short sword       |       |    58 |   138 |       ||   196
       War axe           |       |       |   241 |     3 ||   244
 Fire: Hand crossbow     |    47 |    73 |    18 |       ||   138
Throw: Boomerang         |       |       |    22 |       ||    22
       Dart              |       |       |    65 |       ||    65
 Cast: Corona            |    33 |    24 |    14 |       ||    71
       Slow              |       |     3 |     2 |       ||     5
       Portal Projectile |       |       |     2 |       ||     2
  Use: Scroll            |     3 |    10 |     5 |       ||    18
       Potion            |       |     1 |     2 |       ||     3
 Stab: Sleeping          |       |       |     1 |       ||     1
  Eat: Chunk             |    12 |    10 |    19 |       ||    41
Armor: Robe              |    19 |       |       |       ||    19
       Leather armour    |    18 |    43 |   118 |       ||   179
Dodge: Dodged            |   110 |   123 |   356 |     4 ||   593
Block: Buckler           |       |       |    64 |     1 ||    65

Table legend:
 A = Non-vault XP
 B = Vault XP
 C = Vault XP percentage of total XP
 D = Non-vault monster count
 E = Vault monster count
 F = Vault count percentage of total count
                 A         B        C        D         E       F
            +---------+---------+-------+---------+---------+-------
      Total |    3724 |     272 |   6.8 |     142 |      10 |   6.6
            +---------+---------+-------+---------+---------+-------
        D:1 |      27 |       1 |   3.6 |      18 |       1 |   5.3
        D:2 |     170 |      35 |  17.1 |      32 |       1 |   3.0
        D:3 |      45 |       0 |   0.0 |      16 |       0 |   0.0
        D:4 |     387 |       0 |   0.0 |      15 |       0 |   0.0
        D:5 |     738 |     236 |  24.2 |      18 |       8 |  30.8
        D:6 |    1085 |       0 |   0.0 |      18 |       0 |   0.0
        D:7 |    1272 |       0 |   0.0 |      25 |       0 |   0.0
            +---------+---------+-------+---------+---------+-------
